| TOP OF THE 1ST |
|
Helena Brewers batting - Pitching for Ogden Raptors : RHP Bon John Bovi
|
|
Pitching: RHP Bon John Bovi
|
|
|
Batting: LHB Andy Buschlen
|
0-0: Ball 1-0: DOUBLE (Line Drive, 89D, EV 101.2 MPH)
|
|
Batting: RHB Daniel Pena
|
0-0: Fly out, F8 (Line Drive, 8LS, EV 90.0 MPH)
|
|
Batting: LHB Tony Hasbun
|
0-0: Ball 1-0: Fly out, F7 (Line Drive, 78M, EV 85.6 MPH)
|
|
Batting: RHB Frank Pena
|
0-0: Ball 1-0: Ball 2-0: DOUBLE (Line Drive, 7LS, EV 113.1 MPH) Andy Buschlen scores
|
|
Batting: RHB Austin Sweetman
|
0-0: Called Strike 0-1: Ball 1-1: Fly out, F5 (Popup, 5F, EV 73.1 MPH)
|
| Top of the 1st over - 1 run, 2 hits, 0 errors, 1 left on base; Helena 1 - Ogden 0 |
| BOTTOM OF THE 1ST |
|
Ogden Raptors batting - Pitching for Helena Brewers : RHP Yan-hao Chiu
|
|
Pitching: RHP Yan-hao Chiu
|
|
|
Batting: SHB Javy Franco
|
0-0: Called Strike 0-1: Ball 1-1: Ball 2-1: Ball 3-1: Called Strike 3-2: Base on Balls
|
|
Batting: RHB Kekoa Kahele
|
0-0: Swinging Strike 0-1: Called Strike Javy Franco steals 2nd base 0-2: Ball 1-2: SINGLE (Groundball, 56D, EV 110.0 MPH) Javy Franco to third Runner from 3rd tries for Home, SAFE, throw by LF to home
|
|
Batting: RHB Adam Maczko
|
0-0: Ball 1-0: Ball 2-0: Called Strike 2-1: Swinging Strike 2-2: 2-RUN HOME RUN (Flyball, 9D, EV 95.0 MPH), Distance : 371 ft
|
|
Batting: LHB Pedro Garza
|
0-0: Called Strike 0-1: Ball 1-1: Swinging Strike 1-2: Strikes out swinging
|
|
Batting: RHB Juan Gallegos
|
0-0: Called Strike 0-1: Foul Ball, location: 2F 0-2: Ball 1-2: Strikes out looking
|
|
Batting: SHB Jesus Gomez
|
0-0: Fly out, F7 (Flyball, 78S, EV 86.2 MPH)
|
| Bottom of the 1st over - 3 runs, 2 hits, 0 errors, 0 left on base; Helena 1 - Ogden 3 |
| TOP OF THE 2ND |
|
Helena Brewers batting - Pitching for Ogden Raptors : RHP Bon John Bovi
|
|
Batting: LHB Jose Simental
|
0-0: Ball 1-0: Ball 2-0: Ball 3-0: Base on Balls
|
|
Batting: RHB Fernando Mejia
|
0-0: Ball Jose Simental is caught stealing 2nd base 2-4 1-0: Ball 2-0: Ball 3-0: Base on Balls
|
|
Batting: RHB Mohammed bin Ubaida
|
0-0: Called Strike 0-1: Fielders Choice at 2nd, 6-4 (Groundball, 6, EV 86.9 MPH)
|
|
Batting: RHB Gil Sanchez
|
0-0: Ball Mohammed bin Ubaida steals 2nd base 1-0: Called Strike 1-1: Foul Ball, location: 2F 1-2: Ball 2-2: Ground out 5-3 (Groundball, 56, EV 80.0 MPH)
|
| Top of the 2nd over - 0 runs, 0 hits, 0 errors, 1 left on base; Helena 1 - Ogden 3 |
| BOTTOM OF THE 2ND |
|
Ogden Raptors batting - Pitching for Helena Brewers : RHP Yan-hao Chiu
|
|
Batting: RHB Chad Rojas
|
0-0: Swinging Strike 0-1: Ground out 5-3 (Groundball, 5, EV 106.2 MPH)
|
|
Batting: RHB Will Barksdale
|
0-0: Ball 1-0: SINGLE (Line Drive, 56, EV 94.4 MPH)
|
|
Batting: SHB Jason Todd
|
0-0: Called Strike 0-1: Ball 1-1: Swinging Strike 1-2: Hit by Pitch Will Barksdale to second
|
|
Batting: SHB Javy Franco
|
0-0: Foul Ball, location: 2F 0-1: Foul Ball, location: 2F 0-2: Ball 1-2: Foul Ball, location: 2F 1-2: Ball 2-2: Foul Ball, location: 2F 2-2: SINGLE (Groundball, 4D, EV 93.8 MPH) Will Barksdale to third Jason Todd to second Runner from 3rd tries for Home, SAFE, throw by CF to home Jason Todd to third Javy Franco to second
|
|
Batting: RHB Kekoa Kahele
|
0-0: Foul Ball, location: 2F 0-1: Ball 1-1: Ball 2-1: Foul Ball, location: 2F 2-2: Ball Wild Pitch! Jason Todd scores Javy Franco to third 3-2: Base on Balls
|
|
Pitching: RHP Mario Ayala
|
|
|
Batting: RHB Adam Maczko
|
0-0: Foul Ball, location: 2F 0-1: Ball 1-1: Foul Ball, location: 2F 1-2: Foul Ball, location: 2F 1-2: Strikes out looking
|
|
Batting: LHB Pedro Garza
|
0-0: Swinging Strike 0-1: Ball 1-1: Ball 2-1: Called Strike 2-2: Strikes out swinging
|
| Bottom of the 2nd over - 2 runs, 2 hits, 0 errors, 2 left on base; Helena 1 - Ogden 5 |
| TOP OF THE 3RD |
|
Helena Brewers batting - Pitching for Ogden Raptors : RHP Bon John Bovi
|
|
Batting: LHB Andy Buschlen
|
0-0: Ball 1-0: Ball 2-0: Foul Ball, location: 2F 2-1: Ball 3-1: Base on Balls
|
|
Batting: RHB Daniel Pena
|
0-0: Called Strike 0-1: Ball 1-1: Ball Andy Buschlen steals 2nd base 2-1: Called Strike 2-2: Foul Ball, location: 2F 2-2: Ball 3-2: Ground out 6-3 (Groundball, 6, EV 87.5 MPH) Andy Buschlen to third
|
|
Batting: LHB Tony Hasbun
|
0-0: Ball 1-0: Ball 2-0: Ball 3-0: Base on Balls
|
|
Batting: RHB Frank Pena
|
0-0: Ball 1-0: Ball Wild Pitch! Andy Buschlen scores Tony Hasbun to second 2-0: Ground out 6-3 (Groundball, 6, EV 85.0 MPH) Tony Hasbun to third
|
|
Batting: RHB Austin Sweetman
|
0-0: Called Strike 0-1: SINGLE (Flyball, 56D, EV 89.4 MPH) Tony Hasbun scores
|
|
Batting: LHB Jose Simental
|
0-0: Fly out, F6 (Popup, 6, EV 70.6 MPH)
|
| Top of the 3rd over - 2 runs, 1 hit, 0 errors, 1 left on base; Helena 3 - Ogden 5 |
| BOTTOM OF THE 3RD |
|
Ogden Raptors batting - Pitching for Helena Brewers : RHP Mario Ayala
|
|
Batting: RHB Juan Gallegos
|
0-0: Ball 1-0: Ball 2-0: Foul Ball, location: 2F 2-1: Foul Ball, location: 2F 2-2: Strikes out swinging
|
|
Batting: SHB Jesus Gomez
|
0-0: Foul Ball, location: 2F 0-1: Foul Ball, location: 2F 0-2: Foul Ball, location: 2F 0-2: Ball 1-2: Strikes out swinging
|
|
Batting: RHB Chad Rojas
|
0-0: Ball 1-0: Fly out, F7 (Flyball, 7LM, EV 89.4 MPH)
|
| Bottom of the 3rd over - 0 runs, 0 hits, 0 errors, 0 left on base; Helena 3 - Ogden 5 |
| TOP OF THE 4TH |
|
Helena Brewers batting - Pitching for Ogden Raptors : RHP Bon John Bovi
|
|
Batting: RHB Fernando Mejia
|
0-0: Foul Ball, location: 2F 0-1: Foul Ball, location: 2F 0-2: Foul Ball, location: 2F 0-2: Ball 1-2: Foul Ball, location: 2F 1-2: Fly out, F4 (Popup, 4M, EV 56.2 MPH)
|
|
Batting: RHB Mohammed bin Ubaida
|
0-0: Ball 1-0: Ball 2-0: Ball 3-0: Base on Balls
|
|
Batting: RHB Gil Sanchez
|
0-0: Called Strike 0-1: Called Strike 0-2: Ball 1-2: SINGLE (Groundball, 34, EV 81.2 MPH) (infield hit) Mohammed bin Ubaida to second
|
|
Batting: LHB Andy Buschlen
|
0-0: Ball 1-0: Ball 2-0: Ball 3-0: Base on Balls Mohammed bin Ubaida to third Gil Sanchez to second
|
|
Batting: RHB Daniel Pena
|
0-0: Called Strike 0-1: Foul Ball, location: 2F 0-2: Ball 1-2: Foul Ball, location: 2F 1-2: Ball 2-2: Ball 3-2: SINGLE (Groundball, 56D, EV 103.8 MPH) Mohammed bin Ubaida scores Gil Sanchez to third Andy Buschlen to second
|
|
Batting: LHB Tony Hasbun
|
0-0: Ball 1-0: DOUBLE (Line Drive, 8RXD, EV 113.1 MPH) Gil Sanchez scores Andy Buschlen scores Daniel Pena to third
|
|
Pitching: RHP Bart Bell
|
|
|
Batting: RHB Frank Pena
|
0-0: Ball 1-0: DOUBLE (Flyball, 8RXD, EV 104.4 MPH) Daniel Pena scores Tony Hasbun scores
|
|
Batting: RHB Austin Sweetman
|
0-0: Ball 1-0: Ball 2-0: Ground out 5-3 (Groundball, 56, EV 85.6 MPH)
|
|
Batting: LHB Jose Simental
|
0-0: Ball 1-0: Called Strike 1-1: Ball 2-1: Swinging Strike 2-2: Strikes out looking
|
| Top of the 4th over - 5 runs, 4 hits, 0 errors, 1 left on base; Helena 8 - Ogden 5 |
| BOTTOM OF THE 4TH |
|
Ogden Raptors batting - Pitching for Helena Brewers : RHP Mario Ayala
|
|
Batting: RHB Will Barksdale
|
0-0: Ball 1-0: Foul Ball, location: 2F 1-1: Swinging Strike 1-2: Foul Ball, location: 2F 1-2: Ball 2-2: Foul Ball, location: 2F 2-2: Strikes out swinging
|
|
Batting: SHB Jason Todd
|
0-0: Ball 1-0: Foul Ball, location: 2F 1-1: Swinging Strike 1-2: Ball 2-2: Strikes out looking
|
|
Pitching: LHP Joel Congleton
|
|
|
Batting: SHB Javy Franco
|
0-0: Ball 1-0: Ball 2-0: Ball 3-0: Called Strike 3-1: Base on Balls
|
|
Batting: RHB Kekoa Kahele
|
0-0: Swinging Strike 0-1: Ground out 4-3 (Groundball, 34, EV 83.8 MPH)
|
| Bottom of the 4th over - 0 runs, 0 hits, 0 errors, 1 left on base; Helena 8 - Ogden 5 |
| TOP OF THE 5TH |
|
Helena Brewers batting - Pitching for Ogden Raptors : RHP Bart Bell
|
|
Batting: RHB Fernando Mejia
|
0-0: Ball 1-0: Ball 2-0: Called Strike 2-1: Ball 3-1: Called Strike 3-2: Foul Ball, location: 2F 3-2: Strikes out looking
|
|
Batting: RHB Mohammed bin Ubaida
|
0-0: Called Strike 0-1: Ball 1-1: Ball 2-1: Foul Ball, location: 2F 2-2: Ground out 6-3 (Groundball, 6S, EV 89.4 MPH)
|
|
Batting: RHB Gil Sanchez
|
0-0: Ball 1-0: Foul Ball, location: 2F 1-1: Ball 2-1: Foul Ball, location: 2F 2-2: SINGLE (Flyball, 4D, EV 85.0 MPH)
|
|
Batting: LHB Andy Buschlen
|
0-0: Swinging Strike 0-1: Called Strike 0-2: Ball 1-2: Ball 2-2: Ball 3-2: Base on Balls Gil Sanchez to second
|
|
Batting: RHB Daniel Pena
|
0-0: Ball 1-0: Called Strike 1-1: Ball 2-1: Ball 3-1: Ground out 4-3 (Groundball, 4, EV 85.0 MPH)
|
| Top of the 5th over - 0 runs, 1 hit, 0 errors, 2 left on base; Helena 8 - Ogden 5 |
| BOTTOM OF THE 5TH |
|
Ogden Raptors batting - Pitching for Helena Brewers : LHP Joel Congleton
|
|
Batting: RHB Adam Maczko
|
0-0: Called Strike 0-1: SINGLE (Groundball, 34D, EV 101.2 MPH)
|
|
Batting: LHB Pedro Garza
|
Pickoff Throw to First - Out! 1-3 0-0: Ball 1-0: Ball 2-0: Ball 3-0: Base on Balls
|
|
Batting: RHB Juan Gallegos
|
0-0: Ball 1-0: Swinging Strike 1-1: Ball 2-1: Ball 3-1: Called Strike 3-2: Base on Balls Pedro Garza to second
|
|
Batting: SHB Jesus Gomez
|
0-0: Foul Ball, location: 2F 0-1: Called Strike 0-2: Ball 1-2: Ball 2-2: Ball 3-2: Base on Balls Pedro Garza to third Juan Gallegos to second
|
|
Batting: RHB Chad Rojas
|
0-0: Ball 1-0: Grounds into double play, 4-6-3 (Groundball, 4, EV 89.4 MPH)
|
| Bottom of the 5th over - 0 runs, 1 hit, 0 errors, 2 left on base; Helena 8 - Ogden 5 |
| TOP OF THE 6TH |
|
Helena Brewers batting - Pitching for Ogden Raptors : RHP Bart Bell
|
|
Pitching: RHP Francisco Guzman
|
|
|
Batting: LHB Tony Hasbun
|
0-0: Swinging Strike 0-1: SINGLE (Line Drive, 4D, EV 99.4 MPH)
|
|
Batting: RHB Frank Pena
|
0-0: Called Strike 0-1: Fly out, F7 (Line Drive, 7LM, EV 96.9 MPH)
|
|
Batting: RHB Austin Sweetman
|
0-0: Foul Ball, location: 2F 0-1: Ball 1-1: Ball 2-1: Ball 3-1: Foul Ball, location: 2F 3-2: Fly out, F9 (Line Drive, 9LM, EV 88.8 MPH)
|
|
Batting: LHB Jose Simental
|
0-0: Called Strike Tony Hasbun is caught stealing 2nd base 2-6
|
| Top of the 6th over - 0 runs, 1 hit, 0 errors, 0 left on base; Helena 8 - Ogden 5 |
| BOTTOM OF THE 6TH |
|
Ogden Raptors batting - Pitching for Helena Brewers : LHP Joel Congleton
|
|
Batting: RHB Will Barksdale
|
0-0: Called Strike 0-1: Ball 1-1: Ball 2-1: Fly out, F7 (Flyball, 7, EV 86.9 MPH)
|
|
Batting: SHB Jason Todd
|
0-0: Called Strike 0-1: SOLO HOME RUN (Flyball, 7D, EV 96.9 MPH), Distance : 382 ft
|
|
Batting: SHB Javy Franco
|
0-0: Fly out, F7 (Flyball, 78M, EV 96.2 MPH)
|
|
Batting: RHB Kekoa Kahele
|
0-0: Ground out 4-3 (Groundball, 4, EV 88.1 MPH)
|
| Bottom of the 6th over - 1 run, 1 hit, 0 errors, 0 left on base; Helena 8 - Ogden 6 |
| TOP OF THE 7TH |
|
Helena Brewers batting - Pitching for Ogden Raptors : RHP Francisco Guzman
|
|
Batting: LHB Jose Simental
|
0-0: Ground out 4-3 (Groundball, 4, EV 94.4 MPH)
|
|
Batting: RHB Fernando Mejia
|
0-0: Ground out 6-3 (Groundball, 56, EV 90.6 MPH)
|
|
Batting: RHB Mohammed bin Ubaida
|
0-0: Ball 1-0: Ball 2-0: Ball 3-0: Base on Balls
|
|
Batting: RHB Gil Sanchez
|
0-0: Called Strike 0-1: Called Strike 0-2: Foul Ball, location: 2F 0-2: Ball 1-2: Ball 2-2: Foul Ball, location: 2F 2-2: Strikes out looking
|
| Top of the 7th over - 0 runs, 0 hits, 0 errors, 1 left on base; Helena 8 - Ogden 6 |
| BOTTOM OF THE 7TH |
|
Ogden Raptors batting - Pitching for Helena Brewers : LHP Joel Congleton
|
|
Batting: RHB Adam Maczko
|
0-0: Called Strike 0-1: Foul Ball, location: 2F 0-2: Ball 1-2: Ball 2-2: Ball 3-2: SOLO HOME RUN (Flyball, 78XD, EV 112.5 MPH), Distance : 418 ft
|
|
Batting: LHB Pedro Garza
|
0-0: Ball 1-0: Ball 2-0: Ball 3-0: Base on Balls
|
|
Batting: RHB Juan Gallegos
|
0-0: Ball 1-0: Ball 2-0: Ball 3-0: Base on Balls Pedro Garza to second
|
|
Pitching: LHP Dan Mclaren
|
|
|
Pinch Runner at 2nd Alex Noval:
|
|
|
Batting: SHB Jesus Gomez
|
0-0: Bunted foul 0-1: Sac Bunt to P - play at first, batter OUT! 1-4 Alex Noval to third Juan Gallegos to second
|
|
Batting: RHB Chad Rojas
|
0-0: Ball 1-0: Ball 2-0: Ball 3-0: Base on Balls
|
|
Batting: RHB Will Barksdale
|
0-0: Ball 1-0: Foul Ball, location: 2F 1-1: Ball 2-1: GRAND SLAM HOME RUN (Flyball, 7D, EV 96.2 MPH), Distance : 378 ft
|
|
Batting: SHB Jason Todd
|
0-0: Ball 1-0: Ball 2-0: Ball 3-0: Base on Balls
|
|
Batting: SHB Javy Franco
|
0-0: Ball 1-0: Called Strike 1-1: Ball 2-1: Foul Ball, location: 2F 2-2: Ball 3-2: Foul Ball, location: 2F 3-2: 2-RUN HOME RUN (Line Drive, 7LD, EV 95.0 MPH), Distance : 363 ft
|
|
Batting: RHB Kekoa Kahele
|
0-0: Ball 1-0: Called Strike 1-1: Fly out, F7 (Flyball, 78M, EV 88.8 MPH)
|
|
Batting: RHB Adam Maczko
|
0-0: Called Strike 0-1: SINGLE (Groundball, 4M, EV 106.9 MPH)
|
|
Batting: SHB Alex Noval
|
0-0: Fly out, F7 (Flyball, 7LSF, EV 93.1 MPH)
|
| Bottom of the 7th over - 7 runs, 4 hits, 0 errors, 1 left on base; Helena 8 - Ogden 13 |
| TOP OF THE 8TH |
|
Helena Brewers batting - Pitching for Ogden Raptors : RHP Francisco Guzman
|
|
Batting: LHB Andy Buschlen
|
0-0: Ball 1-0: Ball 2-0: Ball 3-0: Called Strike 3-1: Called Strike 3-2: Base on Balls
|
|
Batting: RHB Daniel Pena
|
0-0: Ball 1-0: Swinging Strike 1-1: Foul Ball, location: 2F 1-2: Ball 2-2: Foul Ball, location: 2F 2-2: Fly out, F8 (Flyball, 8RD, EV 85.0 MPH)
|
|
Batting: LHB Tony Hasbun
|
0-0: Called Strike 0-1: Ball 1-1: 2-RUN HOME RUN (Line Drive, 78XD, EV 112.5 MPH), Distance : 441 ft
|
|
Batting: RHB Frank Pena
|
0-0: Ball 1-0: Foul Ball, location: 2F 1-1: Foul Ball, location: 2F 1-2: Ball 2-2: Ball 3-2: Strikes out swinging
|
|
Batting: RHB Austin Sweetman
|
0-0: Ball 1-0: Ball 2-0: Ball 3-0: Called Strike 3-1: Base on Balls
|
|
Batting: LHB Jose Simental
|
0-0: Foul Ball, location: 2F 0-1: Ball 1-1: Ball 2-1: Called Strike 2-2: DOUBLE (Line Drive, 5D, EV 98.1 MPH) Austin Sweetman to third Runner from 3rd tries for Home, SAFE, no throw by LF
|
|
Pitching: RHP Bill Dyck
|
|
|
Batting: RHB Fernando Mejia
|
0-0: Called Strike 0-1: Ball 1-1: Called Strike 1-2: Ball 2-2: Ball 3-2: Strikes out swinging
|
| Top of the 8th over - 3 runs, 2 hits, 0 errors, 1 left on base; Helena 11 - Ogden 13 |
| BOTTOM OF THE 8TH |
|
Ogden Raptors batting - Pitching for Helena Brewers : LHP Dan Mclaren
|
|
Batting: RHB Juan Gallegos
|
0-0: Called Strike 0-1: Ball 1-1: Ball 2-1: Ball 3-1: Base on Balls
|
|
Pitching: RHP Angel Pacheco
|
|
|
Batting: SHB Jesus Gomez
|
0-0: Bunt missed! 0-1: Bunted foul 0-2: Ball 1-2: 2-RUN HOME RUN (Flyball, 9LD, EV 96.9 MPH), Distance : 349 ft
|
|
Batting: RHB Chad Rojas
|
0-0: Called Strike 0-1: Foul Ball, location: 2F 0-2: Ball 1-2: Ground out U3 (Groundball, 34S, EV 84.4 MPH)
|
|
Batting: RHB Will Barksdale
|
0-0: Called Strike 0-1: Ground out 6-3 (Groundball, 6MD, EV 78.8 MPH)
|
|
Batting: SHB Jason Todd
|
0-0: Fly out, F9 (Flyball, 9, EV 83.8 MPH)
|
| Bottom of the 8th over - 2 runs, 1 hit, 0 errors, 0 left on base; Helena 11 - Ogden 15 |
| TOP OF THE 9TH |
|
Helena Brewers batting - Pitching for Ogden Raptors : RHP Bill Dyck
|
|
Batting: RHB Mohammed bin Ubaida
|
0-0: Swinging Strike 0-1: Foul Ball, location: 2F 0-2: Ball 1-2: Strikes out looking
|
|
Batting: SHB C.J. Olivares
|
0-0: Foul Ball, location: 2F 0-1: Fly out, F8 (Flyball, 8RM, EV 95.0 MPH)
|
|
Batting: LHB Andy Buschlen
|
0-0: Called Strike 0-1: Ball 1-1: Ball 2-1: Ball 3-1: Called Strike 3-2: Foul Ball, location: 2F 3-2: Ground out 4-3 (Groundball, 4, EV 107.5 MPH)
|
| Top of the 9th over - 0 runs, 0 hits, 0 errors, 0 left on base; Helena 11 - Ogden 15 |
|